Map: Eternal Empire LE

Players

HeroMarine

  • Race: Terran Terran
  • League: Master
  • Spawn Location: 7:00

AqueroN - Winner!

  • Race: Terran Terran
  • League: Grandmaster
  • Spawn Location: 1:00

Event: DreamHack SC2 Masters 2020 Fall

VOD

Have the link to the VOD?

Description

Time

  • Played on: Sept. 5, 2020, 1:38 p.m.
  • Length: 17:12

All games in this series

Show
View Real Time Build Order
Export as new Build Order

HeroMarine Terran 

Build Orders:  

Get SALT Encoding   

  12  0:00  SCV  
  13  0:12  SCV  
  14  0:17  Supply Depot  
  14  0:24  SCV  
  15  0:39  SCV  
  15  0:40  Barracks  
  16  0:43  Refinery  
  16  0:51  SCV  
  17  0:59  Barracks  
  17  1:03  SCV  
  18  1:15  SCV  
  19  1:27  Reaper, Orbital Command  
  20  1:33  Supply Depot  
  20  1:46  Reaper  
  21  1:53  SCV  
  22  2:03  Reaper  
  22  2:05  SCV  
  24  2:17  SCV  
  24  2:20  Command Center  
  24  2:21  Reaper  
  26  2:29  SCV, Supply Depot  
  27  2:40  Reaper  
  27  2:41  SCV  
  29  2:53  SCV  
  29  2:55  Marine  
  31  3:03  Command Center  
  31  3:05  SCV  
  31  3:12  Marine  
  33  3:18  SCV  
  33  3:19  Refinery, Marine  
  33  3:24  Factory  
  34  3:30  SCV  
  34  3:34  Orbital Command  
  35  3:40  Barracks Reactor  
  35  3:42  SCV  
  36  3:51  Barracks Tech Lab  
  36  3:53  Bunker  
  36  3:54  SCV  
  37  4:00  SCV  
  38  4:06  SCV  
  38  4:09  Marine  
  39  4:11  Stimpack  
  39  4:12  SCV  
  39  4:16  Orbital Command  
  41  4:18  SCV  
  41  4:22  Engineering Bay  
  42  4:24  SCV  
  42  4:25  Engineering Bay  
  42  4:30  SCV  
  44  4:32  Marine x3  
  44  4:36  SCV  
  48  4:41  Factory Tech Lab  
  48  4:42  SCV  
  48  4:43  SCV  
  50  4:48  Refinery x2  
  50  4:49  SCV, Marine x2  
  50  4:51  Marine  
  54  4:54  SCV, Terran Infantry Weapons Level 1  
  54  4:55  SCV  
  54  4:56  Terran Infantry Armor Level 1  
  56  5:01  SCV  
  56  5:05  Supply Depot  
  56  5:06  SCV  
  58  5:07  SCV  
  58  5:08  Supply Depot  
  58  5:12  Siege Tank  
  58  5:14  SCV  
  63  5:17  Marine  
  63  5:18  Marine  
  63  5:19  SCV x2, Marine  
  68  5:23  Supply Depot  
  68  5:28  Orbital Command  
  68  5:29  Starport  
  68  5:31  Barracks  
  68  5:35  SCV x2  
  70  5:38  Marine x2  
  70  5:39  Marine  
  70  5:41  Supply Depot  
  73  5:47  SCV x2, Siege Tank  
  78  5:56  Marine x3  
  81  5:59  SCV x2  
  81  6:02  SCV  
  84  6:08  Armory  
  82  6:11  SCV  
  83  6:19  Command Center  
  83  6:22  Marine x2  
  83  6:23  Marine  
  86  6:27  Barracks Reactor, Starport Reactor  
  86  6:32  Siege Tank  
  88  6:33  SCV x2  
  88  6:36  Supply Depot x2  
  90  6:40  Marine x2  
  90  6:42  Marine  
  90  6:46  Supply Depot  
  93  6:52  Supply Depot  
  94  6:55  Supply Depot  
  94  6:56  Terran Infantry Weapons Level 2  
  94  6:58  Marine x2  
  94  6:59  Terran Infantry Armor Level 2  
  95  7:02  Combat Shield  
  95  7:06  SCV  
  95  7:08  SCV  
  97  7:11  Medivac  
  97  7:12  Medivac  
  101  7:18  SCV, Marine x3  
  101  7:20  SCV  
  108  7:23  Siege Tank  
  108  7:25  Marine  
  108  7:26  Marine  
  111  7:30  SCV  
  111  7:32  SCV  
  111  7:34  Orbital Command  
  112  7:38  Marine x3  
  112  7:40  Sensor Tower  
  112  7:42  SCV  
  112  7:43  Marine x2  
  119  7:44  SCV  
  119  7:45  Medivac  
  119  7:46  Medivac  
  123  7:54  SCV  
  123  7:56  SCV  
  125  8:00  Marine x3  
  125  8:01  Marine x2  
  130  8:06  Siege Tank  
  130  8:08  SCV x2  
  130  8:11  Barracks  
  135  8:13  Refinery  
  135  8:14  Refinery, Barracks  
  135  8:17  Supply Depot, Marine  
  135  8:18  Marine x2  
  135  8:19  Marine  
  141  8:20  Marauder  
  141  8:22  Medivac x2  
  141  8:23  SCV x2  
  141  8:24  SCV  
  146  8:35  Marine x3  
  146  8:39  Marine, Siege Tank  
  146  8:40  Marine  
  154  8:44  Factory  
  154  8:45  Supply Depot  
  154  8:47  Supply Depot  
  154  8:53  Marine x3  
  157  8:55  Command Center  
  157  8:56  Marine  
  157  8:59  Medivac  
  157  9:00  Barracks Reactor, Medivac  
  157  9:02  Barracks Reactor  
  162  9:11  Marine x3  
  162  9:14  Barracks Reactor, Marine  
  161  9:27  Siege Tank  
  161  9:29  Marine x3  
  164  9:32  Marine  
  164  9:34  Terran Infantry Weapons Level 3  
  165  9:38  Marine x3  
  165  9:39  Marine  
  169  9:47  Marine x3  
  169  9:50  Marine  
  169  9:51  Marine x2  
  169  9:52  Siege Tank  
  173  9:56  Marine x4  
  173  9:59  Siege Tank  
  175  10:04  Marine  
  175  10:05  Marine x2  
  141  10:08  Marine x2  
  141  10:09  SCV x3, Marine  
  141  10:14  Medivac x2, Marine x4  
  153  10:22  Marine x3  
  153  10:24  Siege Tank  
  153  10:25  Marine  
  153  10:26  Marine x2  
  162  10:31  Siege Tank  
  162  10:32  Terran Infantry Armor Level 3, Marine x4  
  162  10:35  SCV x3  
  172  10:38  Unknown  
  172  10:40  Planetary Fortress, Marine x2  
  174  10:47  Marine x4  
  174  10:49  Marine  
  164  10:50  Marine x3  
  164  10:56  Siege Tank  
  171  10:57  Viking, Sensor Tower  
  171  10:58  Marine  
  171  10:59  Viking  
  171  11:00  Marine  
  177  11:05  Marine x3  
  180  11:14  Siege Tank  
  183  11:20  Marine x6  
  183  11:22  Marine x2  
  183  11:24  Marine  
  179  11:26  Marine  
  179  11:27  Medivac  
  179  11:28  Siege Tank  
  179  11:29  Medivac  
  179  11:31  Terran Vehicle Weapons Level 1  
  187  11:38  Marine  
  188  11:46  Siege Tank  
  191  11:57  Viking  
  191  11:59  Viking, Marine x5  
  191  12:00  Siege Tank  
  176  12:09  Marine x2  
  176  12:12  Marine x2  
  180  12:18  Siege Tank  
  180  12:21  Marine x3  
  183  12:23  Marine  
  183  12:24  Marine x2  
  183  12:26  Starport, Marine  
  183  12:27  Viking, Marine  
  185  12:42  Marine  
  181  12:44  Marine x3  
  181  12:45  Marine  
  181  12:46  Viking, Marine x3  
  181  12:47  Marine, Siege Tank  
  181  12:50  Siege Tank  
  146  12:52  Marine  
  146  12:57  Liberator  
  128  13:00  Marine  
  128  13:02  Marine x3  
  128  13:03  Marine  
  128  13:04  Marine x3  
  128  13:05  Marine  
  127  13:09  Marine  
  128  13:16  Liberator  
  128  13:17  Marine  
  128  13:19  Siege Tank  
  138  13:20  Marine x3  
  138  13:21  Viking  
  138  13:22  Siege Tank  
  143  13:30  Marine  
  143  13:31  Marine  
  145  13:35  Marine x2  
  145  13:39  Viking  
  149  13:45  Marine x3  
  149  13:47  Marine  
  153  13:50  Marine x2  
  153  13:51  Siege Tank  
  153  13:52  Marine  
  153  13:53  Marine  
  153  13:55  Siege Tank  
  159  13:57  Marine x2  
  161  14:07  Viking  
  163  14:10  Viking  
  163  14:11  Viking  
  167  14:21  Marine x3  
  167  14:23  Siege Tank  
  173  14:25  Supply Depot  
  173  14:27  Siege Tank  
  173  14:28  Marine  
  173  14:29  Marine  
  172  14:52  Marine x3  
  157  14:54  Orbital Command  
  157  14:55  Siege Tank  
  157  14:58  Marine x5  
  157  14:59  Siege Tank  
  162  15:05  Marine  
  158  15:18  Marine x4  
  154  15:39  Marine x2  
  154  15:40  Marine  
  154  15:41  Siege Tank  
  154  15:42  Marine x2  
  140  15:52  Marine x2  
  140  15:55  Marine x2  
  139  16:05  Siege Tank  
  139  16:08  Marine x2  
  144  16:12  Marine x2  
  116  16:37  Marine  
  116  16:38  Marine  
Show
View Real Time Build Order
Export as new Build Order

AqueroN Terran - Winner!

Build Orders:  

Get SALT Encoding   

  12  0:00  SCV  
  13  0:12  SCV  
  14  0:17  Supply Depot  
  14  0:24  SCV  
  15  0:38  SCV  
  15  0:40  Barracks  
  16  0:44  Refinery  
  16  0:50  SCV  
  17  1:00  Barracks  
  17  1:03  SCV  
  18  1:15  SCV  
  19  1:28  Reaper, Orbital Command  
  19  1:32  Supply Depot  
  20  1:48  Reaper  
  20  1:53  SCV  
  22  2:04  Reaper  
  22  2:05  SCV  
  24  2:12  Command Center  
  24  2:17  SCV  
  24  2:22  Reaper, Refinery  
  26  2:29  SCV  
  27  2:30  Supply Depot  
  27  2:40  Reaper  
  27  2:41  SCV  
  29  2:53  SCV  
  31  2:59  Barracks Reactor  
  31  3:05  Command Center  
  30  3:06  SCV  
  31  3:17  Factory  
  31  3:20  Barracks Tech Lab  
  31  3:25  SCV  
  31  3:26  Orbital Command  
  31  3:35  Marine x2  
  31  3:37  SCV  
  31  3:39  Marine  
  31  3:40  Stimpack  
  35  3:53  Marine x2  
  37  3:56  SCV x2  
  37  3:59  Marine  
  40  4:05  Starport  
  40  4:07  Factory Reactor  
  40  4:10  SCV x2  
  40  4:11  Marine  
  40  4:14  Marine  
  44  4:22  SCV, Orbital Command  
  45  4:25  Marine  
  45  4:27  SCV  
  45  4:30  Marine  
  48  4:32  Marine  
  48  4:34  SCV  
  50  4:39  SCV  
  50  4:43  Supply Depot  
  50  4:45  Marine  
  52  4:46  SCV, Engineering Bay  
  52  4:48  Marine  
  52  4:49  Marine  
  52  4:50  SCV  
  52  4:51  SCV  
  57  4:55  Medivac x2  
  61  5:03  Marine  
  61  5:05  SCV x3  
  61  5:06  Marine  
  66  5:07  Marine  
  66  5:10  Barracks, Factory Tech Lab  
  66  5:11  Orbital Command  
  67  5:14  Terran Infantry Weapons Level 1  
  67  5:17  Supply Depot, Refinery  
  67  5:20  SCV  
  67  5:21  SCV, Marine  
  70  5:23  Combat Shield  
  70  5:24  Marine  
  71  5:30  Marine  
  71  5:33  SCV  
  71  5:34  SCV  
  74  5:37  Refinery  
  74  5:38  Marine  
  74  5:40  Supply Depot  
  74  5:41  SCV  
  74  5:42  Marine  
  77  5:43  Supply Depot  
  77  5:45  Siege Tank  
  77  5:46  SCV x2  
  77  5:49  Marine  
  83  5:53  SCV  
  83  5:56  Marine  
  85  6:01  Barracks Reactor, Marine  
  85  6:02  SCV x2, Supply Depot  
  88  6:06  Barracks  
  88  6:09  Marine  
  89  6:14  Marine  
  87  6:19  SCV x3  
  87  6:21  Medivac x2, Marine  
  87  6:22  Barracks  
  95  6:27  Marine  
  95  6:29  Supply Depot  
  95  6:31  SCV x2  
  95  6:32  SCV, Marine  
  100  6:34  Siege Tank  
  100  6:39  Marine  
  102  6:41  Marine x2  
  102  6:45  Marine  
  104  6:50  Marine  
  104  6:51  Supply Depot  
  104  6:52  Supply Depot, Engineering Bay  
  105  6:54  Armory  
  105  6:55  Barracks Reactor  
  105  6:57  Marine  
  105  6:59  Marine x2  
  105  7:00  SCV x3  
  111  7:03  Refinery, Marine  
  111  7:07  Marine  
  113  7:11  Siege Tank  
  113  7:12  SCV  
  113  7:13  Barracks Reactor, SCV x2  
  113  7:14  Terran Infantry Armor Level 1  
  113  7:15  Marine  
  120  7:17  Supply Depot x2, Marine  
  120  7:18  Marine  
  120  7:21  Marine  
  123  7:24  SCV, Refinery  
  123  7:25  SCV x2, Marine  
  127  7:32  Marine  
  127  7:35  Marine  
  127  7:36  Marine  
  128  7:37  Medivac x2  
  128  7:38  Marine  
  128  7:42  Factory, Marine x2  
  128  7:43  Supply Depot, Marine  
  136  7:47  Terran Infantry Weapons Level 2  
  136  7:50  Marine  
  136  7:53  Marine x2  
  136  7:54  Marine  
  136  7:56  Siege Tank  
  141  8:03  Missile Turret x3  
  141  8:05  Supply Depot  
  141  8:06  Terran Vehicle Weapons Level 1, Supply Depot  
  141  8:08  Marine x4  
  145  8:20  Sensor Tower  
  145  8:21  Command Center, Marine x2  
  145  8:22  Marine x2  
  149  8:27  Factory Tech Lab  
  149  8:31  Marine x2  
  154  8:34  Siege Tank  
  154  8:35  Medivac x2, Marine x3  
  154  8:39  Marine  
  162  8:41  Supply Depot x2  
  162  8:45  Marine x3  
  162  8:47  Siege Tank  
  168  8:49  Marine  
  168  8:50  Marine  
  168  8:53  Marine x3  
  173  8:58  Marine  
  173  9:02  Supply Depot  
  173  9:03  Marine x2  
  173  9:04  Marine  
  173  9:06  Barracks  
  173  9:07  Marine, Barracks  
  173  9:08  Marine  
  177  9:11  Marine x2  
  177  9:13  Siege Tank  
  177  9:14  Marine  
  182  9:18  Marine  
  182  9:21  Marine x2  
  182  9:22  Marine  
  185  9:24  Marine  
  185  9:29  Terran Infantry Armor Level 2  
  186  9:32  Command Center  
  186  9:33  Marine x3  
  186  9:37  Marine x2  
  190  9:39  Siege Tank  
  190  9:43  Marine x4  
  197  9:49  Siege Tank  
  197  9:51  Marine  
  197  9:54  Marine x2  
  189  10:04  Marine x2  
  157  10:08  Marine x3  
  157  10:09  Marine  
  157  10:11  Siege Tank  
  157  10:12  Marine x2  
  170  10:18  SCV x3  
  170  10:19  Sensor Tower  
  173  10:21  Siege Tank  
  173  10:22  Marine x3  
  173  10:25  Terran Infantry Weapons Level 3  
  173  10:27  Marine x3  
  182  10:31  Barracks Reactor x2  
  182  10:33  Marine  
  182  10:34  Marine x2  
  185  10:38  Liberator x2  
  185  10:47  Marine x3  
  173  10:50  Siege Tank  
  173  10:53  Marine  
  173  10:54  Marine x4  
  173  10:56  Siege Tank  
  184  11:01  Marine  
  185  11:05  Marine x3  
  185  11:09  Terran Vehicle Weapons Level 2  
  188  11:12  Marine  
  188  11:13  Marine x5  
  193  11:37  Siege Tank x2  
  193  11:39  Marine  
  200  11:41  Planetary Fortress  
  200  11:45  Command Center  
  181  12:06  Marine x2  
  181  12:07  Marine x5  
  174  12:08  Marine  
  174  12:09  Marine x2, Siege Tank  
  174  12:11  Marine  
  173  12:17  Viking x2  
  173  12:19  SCV x4  
  181  12:25  Marine x4  
  181  12:26  Marine x2  
  187  12:31  SCV x3  
  187  12:32  SCV  
  188  12:37  Marine x2  
  188  12:40  Marine  
  188  12:41  Marine  
  188  12:43  SCV  
  188  12:44  Marine x2  
  186  12:45  Siege Tank  
  186  12:50  Marine x2  
  176  12:51  Marine  
  176  12:52  Marine  
  176  12:58  Marine  
  157  12:59  Marine x3  
  157  13:00  Siege Tank  
  157  13:02  Marine x2  
  158  13:12  Marine x2  
  155  13:13  Marine x2  
  155  13:15  Marine x3  
  155  13:17  SCV  
  155  13:18  SCV x3  
  166  13:21  Terran Infantry Armor Level 3  
  164  13:31  Marine x5  
  164  13:34  Siege Tank  
  172  13:42  SCV x3, Planetary Fortress  
  172  13:47  Siege Tank  
  175  13:51  Terran Vehicle Weapons Level 3  
  172  13:56  Sensor Tower  
  172  13:59  Viking x2, Marine x2  
  178  14:05  Marine x5  
  180  14:12  Siege Tank  
  180  14:15  Marine x4  
  180  14:16  Marine  
  187  14:26  Command Center  
  187  14:30  Siege Tank  
  170  14:43  Viking x2  
  174  14:46  Marine x3  
  174  14:49  Marine x3  
  174  14:50  Siege Tank  
  156  14:56  Marine x4  
  156  14:57  Marine x3  
  156  14:58  SCV x3  
  156  14:59  SCV x2  
  150  15:02  Siege Tank  
  150  15:04  Marine x3  
  153  15:07  Marine  
  153  15:09  Marine x2  
  153  15:16  Starport  
  153  15:17  Starport  
  153  15:18  Marine x3  
  148  15:22  Marine x3, Siege Tank  
  148  15:23  Marine x2  
  148  15:27  Marine  
  157  15:30  Marine x2  
  157  15:33  Marine x2  
  157  15:34  Viking  
  157  15:35  Siege Tank  
  163  15:38  Marine  
  163  15:40  Marine x3  
  163  15:41  Orbital Command  
  163  15:43  Marine x3  
  163  15:46  Marine x2  
  167  15:53  Viking, Marine x4  
  167  15:54  Siege Tank  
  170  16:00  Marine x3  
  169  16:05  Marine x2  
  169  16:07  Siege Tank  
  167  16:17  Marine x7  
  167  16:18  Marine  
  162  16:20  Viking  
  162  16:23  Viking  
  162  16:27  Marine x3  
  162  16:31  Marine  
  157  16:34  Marine  
  148  16:41  Marine x4  
  148  16:45  Marine x2  

Tags
 
Add a new tag
Caveats
  • Supply blocks, unpowered buildings, or Contaminate may cause inaccurate times.
  • Supply counts are checked every 10 seconds.